 Dungeon Crawl Stone Soup version 0.30.1-11-g7821555f0a (webtiles) character file.

Game seed: 4334155390726606693

12387 Ijustatesigmund the Destroyer (level 11, -2/92 HPs)
             Began as a Gnoll Conjurer on Nov 7, 2023.
             Was a Follower of Vehumet.
             Succumbed to a redback's poison
             ... on level 11 of the Dungeon.
             The game lasted 00:35:59 (18288 turns).

Ijustatesigmund the Destroyer (Gnoll Conjurer)     Turns: 18288, Time: 00:35:59

Health: -2/92      AC:  8    Str:  7    XL:     11   Next: 92%
Magic:  4/23       EV: 20    Int: 21    God:    Vehumet [*.....]
Gold:   641        SH:  0    Dex: 11    Spells: 19/27 levels left

rFire   . . .        l - +3 long sword
rCold   . . .        (no shield)
rNeg    . . .        z - +0 steam dragon scales
rPois   .            x - +2 hat {Will+}
rElec   .            (no cloak)
rCorr   .            (no gloves)
SInv    .            (no boots)
Will    +....        r - amulet of the acrobat
Stlth   ++++         k - +4 ring of slaying
HPRegen 0.35/turn    i - +5 ring of evasion
MPRegen 0.18/turn

%: acrobat
@: lethally poisoned (-2 -> -34), invisible
A: fangs 1, strong nose, distributed training, robust 1, evolution 1
a: Renounce Religion


You were on level 11 of the Dungeon.
You worshipped Vehumet.
Vehumet was aware of your devotion.
You visited 2 branches of the dungeon, and saw 12 of its levels.

You collected 641 gold pieces.

Inventory:

Hand Weapons
 h - a +1 long sword of electrocution
 l - a +3 long sword (weapon)
Armour
 a - a +1 robe of willpower
 e - a +1 robe of the Archmagi
 x - a +2 hat of willpower (worn)
 z - +0 steam dragon scales (worn)
Jewellery
 i - a +5 ring of evasion (right hand)
 k - a +4 ring of slaying (left hand)
 o - a ring of ice
 r - an amulet of the acrobat (around neck)
Wands
 c - a wand of digging (4)
 n - a wand of flame (7)
 A - a wand of polymorph (18)
Scrolls
 d - a scroll of amnesia
 g - 3 scrolls of enchant weapon
 m - 2 scrolls of teleportation
 t - 2 scrolls of immolation
 v - 2 scrolls of enchant armour
 w - a scroll of fear
 y - a scroll of poison {unknown}
 B - a scroll of fog
Potions
 b - a potion of magic
 f - a potion of resistance
 p - 2 potions of might
 q - a potion of cancellation
 s - a potion of brilliance


   Skills:
 + Level 7.0 Fighting
 + Level 7.0 Short Blades
 + Level 7.0 Long Blades
 + Level 7.0 Axes
 + Level 7.0 Maces & Flails
 + Level 7.0 Polearms
 + Level 7.0 Staves
 + Level 7.0 Ranged Weapons
 + Level 7.0 Throwing
 + Level 7.0 Armour
 + Level 8.4 Dodging
 + Level 8.2 Stealth
 + Level 7.0 Shields
 + Level 7.0 Unarmed Combat
 + Level 8.7 Spellcasting
 + Level 9.3 Conjurations
 + Level 5.8 Hexes
 + Level 5.8 Summonings
 + Level 5.8 Necromancy
 + Level 5.8 Translocations
 + Level 5.8 Transmutations
 + Level 5.8 Fire Magic
 + Level 5.8 Ice Magic
 + Level 5.8 Air Magic
 + Level 5.8 Earth Magic
 + Level 5.8 Poison Magic
 + Level 7.7 Invocations
 + Level 7.0 Evocations


You had 19 spell levels left.
You knew the following spells:

 Your Spells              Type           Power      Damage    Failure   Level
a - Magic Dart            Conj           100%       1d8       1%          1
b - Iskenderun's Mystic   Conj/Tloc      40%        2d9       3%          4
c - Mephitic Cloud        Conj/Pois/Air  38%        N/A       1%          3

Your spell library contained the following spells:

 Spells                   Type           Power      Damage    Failure   Level
 Foxfire                  Conj/Fire      100%       2x1d9     1%          1
 Beastly Appendage        Tmut           66%        N/A       1%          1
 Shock                    Conj/Air       100%       1d9       1%          1
 Poisonous Vapours        Pois/Air       66%        N/A       1%          2
 Searing Ray              Conj           96%        2d7       1%          2
 Wereblood                Tmut           33%        N/A       1%          2
 Dazzling Flash           Conj/Hex       80%        N/A       1%          3
 Inner Flame              Hex/Fire       33%        N/A       1%          3
 Spider Form              Tmut/Pois      33%        N/A       1%          3
 Swiftness                Air            33%        N/A       1%          3
 Volatile Blastmotes      Fire/Tloc      66%        2d15      1%          3
 Fulminant Prism          Conj/Hex       20%        3d12      3%          4
 Airstrike                Air            16%        2d(3-19)  7%          4
 Freezing Cloud           Conj/Ice/Air   19%        6-21      12%         5
 Yara's Violent Unravell  Hex/Tmut       16%        3d8       19%         5
 Starburst                Conj/Fire      20%        6d7       45%         6
 Enfeeble                 Hex            16%        N/A       99%         7


Dungeon Overview and Level Annotations

Branches:
Dungeon (11/15)            Temple (1/1) D:5            Lair (0/5) D:9
    Orc (0/2) D:10

Altars:
Ashenzari
Cheibriados
Dithmenos
Elyvilon
Fedhas
Gozag
Hepliaklqana
Kikubaaqudgha
Makhleb
Nemelex Xobeh
Okawaru
Qazlal
Ru
Sif Muna
Trog
Uskayaw
Vehumet
Wu Jian
Xom
Yredelemnul
Zin
The Shining One

Shops:
D:6 =

Annotations:
D:5 3 runed translucent doors, SacredBeard's ghost, novice DsNe


Innate Abilities, Weirdness & Mutations

You have very sharp teeth.
Your uncanny sense of smell can sniff out nearby items.
Your experience applies equally to all skills.
You are robust. (+10% HP)
You have hidden genetic potential.


Message History

You erupt in a blast of force!
The mystic blast hits the orb spider!
The orb spider is lightly wounded.
The orb spider is knocked back by the mystic blast.
The orb spider collides with the tarantella!
The tarantella is heavily wounded.
The orb spider is moderately wounded.
The mystic blast hits the broodmother!
The broodmother is heavily wounded.
The broodmother is knocked back by the mystic blast.
The broodmother collides with the orb spider!
The orb spider is moderately wounded.
The broodmother is heavily wounded.
The mystic blast hits the redback!
The redback is moderately wounded.
The redback is knocked back by the mystic blast.
The redback slams into the rock wall!
The redback is severely wounded.
The mystic blast hits the manticore!
The manticore is heavily wounded.
The manticore is knocked back by the mystic blast.
The redback bites you!
You are lethally poisoned!
The redback poisons you!
* * * LOW HITPOINT WARNING * * *
You feel extremely sick. The redback completely misses you.
The broodmother closely misses you.
It was a potion of invisibility.
You fade into invisibility!
* * * LOW HITPOINT WARNING * * *
You feel extremely sick. The redback misses you.
The manticore flicks its tail.
The volley of spikes misses you.
The volley of spikes misses the redback.
The broodmother barely misses you.
A boulder beetle comes into view.
It was a potion of mutation.
You feel extremely strange.
You feel robust.
You feel a hidden potential growing inside you.
You die...

....... #.....# #..#
......B.##.....# #..#
........##.....####..#
........##...........#
..(.....##...........#
.......##......###..#
........H......# #..#
.####..........#
#..### #.@#.......#
#..... #ss#.......#
#..... #ss#.......#
#..### #.s#.......#
#..# #..#.......# #..#
#..#.......# #..#
#..#....... ...# ^..#
....# ###


You could see a broodmother (unable to see you), a boulder beetle (wandering,
unable to see you), a manticore (unable to see you), 2 orb spiders, a tarantella
(summoned, unable to see you) and a redback (summoned, unable to see you).

Vanquished Creatures
  A boulder beetle (D:11)
  2 two-headed ogres (D:9)
  Nergalle (D:10)
  A manticore (D:11)
  An ugly thing (D:7)
  Maurice (D:10)
  2 unseen horrors (D:11)
  A komodo dragon (D:9)
  2 trolls (D:9)
  3 hornets
  2 wraiths
  9 yaks
  2 steam dragons
  A warg (D:10)
  2 acid dragons
  2 water moccasins (D:7)
  An ice beast (D:8)
  A sky beast (D:6)
  8 orc warriors
  A black bear (D:5)
  2 ogres
  4 centaurs
  A kobold brigand (D:9)
  3 bullfrogs
  A gnoll sergeant (D:9)
  12 wights
  4 killer bees (D:8)
  11 howler monkeys
  4 electric eels (D:8)
  2 hounds
  4 jellies
  2 gnoll boudas
  15 orc priests
  3 sleepcaps (D:5)
  5 iguanas
  14 orc wizards
  23 gnolls
  9 adders
  3 white imps
  2 worms
  A dart slug (D:2)
  46 orcs
  2 bats (D:1)
  6 endoplasms
  4 giant cockroaches
  7 goblins
  14 hobgoblins
  3 quokkas
  5 ball pythons
  3 frilled lizards (D:1)
  9 kobolds
  7 rats
275 creatures vanquished.

Notes
Turn   | Place    | Note
-------+----------+-------------------------------------------
     0 | D:1      | Ijustatesigmund the Gnoll Conjurer began the quest for the
                  | Orb.
     0 | D:1      | Reached XP level 1. HP: 13/13 MP: 6/6
   232 | D:1      | Reached XP level 2. HP: 19/19 MP: 5/7
   644 | D:1      | Reached skill level 5 in Spellcasting
   644 | D:1      | Reached XP level 3. HP: 25/25 MP: 6/9
   858 | D:1      | Found a faded altar of an unknown god.
  1134 | D:2      | Reached skill level 1 in Invocations
  1458 | D:2      | Reached skill level 1 in Fighting
  1458 | D:2      | Reached skill level 1 in Short Blades
  1458 | D:2      | Reached skill level 1 in Long Blades
  1458 | D:2      | Reached skill level 1 in Axes
  1458 | D:2      | Reached skill level 1 in Maces & Flails
  1458 | D:2      | Reached skill level 1 in Polearms
  1458 | D:2      | Reached skill level 1 in Staves
  1458 | D:2      | Reached skill level 1 in Ranged Weapons
  1458 | D:2      | Reached skill level 1 in Throwing
  1458 | D:2      | Reached skill level 1 in Armour
  1458 | D:2      | Reached skill level 1 in Shields
  1458 | D:2      | Reached skill level 1 in Unarmed Combat
  1458 | D:2      | Reached skill level 1 in Evocations
  2031 | D:3      | Reached XP level 4. HP: 32/32 MP: 8/11
  2066 | D:3      | Reached skill level 1 in Hexes
  2066 | D:3      | Reached skill level 1 in Summonings
  2066 | D:3      | Reached skill level 1 in Necromancy
  2066 | D:3      | Reached skill level 1 in Translocations
  2066 | D:3      | Reached skill level 1 in Transmutations
  2066 | D:3      | Reached skill level 1 in Fire Magic
  2066 | D:3      | Reached skill level 1 in Ice Magic
  2066 | D:3      | Reached skill level 1 in Air Magic
  2066 | D:3      | Reached skill level 1 in Earth Magic
  2066 | D:3      | Reached skill level 1 in Poison Magic
  2371 | D:3      | Reached XP level 5. HP: 37/37 MP: 1/12
  2814 | D:3      | Identified the +0 pair of boots "Tyll" {rElec rPois Will+++
                  | Dex-5}
  3543 | D:4      | Reached XP level 6. HP: 44/44 MP: 14/14
  3566 | D:4      | Reached skill level 5 in Dodging
  4171 | D:4      | Reached XP level 7. HP: 40/51 MP: 11/15
  4727 | D:5      | Entered Level 5 of the Dungeon
  4848 | D:5      | Reached skill level 5 in Stealth
  4958 | D:5      | Found a runed translucent gate.
  4958 | D:5      | Found a runed translucent gate.
  4958 | D:5      | Found a runed translucent gate.
  4961 | D:5      | Found an opulent altar of Gozag.
  4961 | D:5      | Noticed a yak
  4964 | D:5      | Noticed SacredBeard's ghost (novice DsNe)
  4964 | D:5      | Noticed a yak
  5170 | D:5      | Noticed a yak
  5171 | D:5      | Noticed a yak
  5171 | D:5      | Noticed a yak
  5177 | D:5      | Learned a level 2 spell: Searing Ray
  5177 | D:5      | Noticed a yak
  5177 | D:5      | Noticed a yak
  5198 | D:5      | Killed a yak
  5199 | D:5      | Reached XP level 8. HP: 33/58 MP: 7/16
  5199 | D:5      | Killed a yak
  5201 | D:5      | Killed a yak
  5204 | D:5      | Killed a yak
  5206 | D:5      | Killed a yak
  5547 | D:5      | Found a staircase to the Ecumenical Temple.
  5639 | D:5      | Reached XP level 9. HP: 60/65 MP: 13/18
  5646 | Temple   | Entered the Ecumenical Temple
  7126 | D:6      | Reached skill level 8 in Conjurations
  7390 | D:6      | Found Tilid's Jewellery Boutique.
  8137 | D:7      | Reached skill level 5 in Invocations
  8701 | D:7      | Learned a level 4 spell: Iskenderun's Mystic Blast
  9088 | D:8      | Reached skill level 5 in Fighting
  9088 | D:8      | Reached skill level 5 in Short Blades
  9088 | D:8      | Reached skill level 5 in Long Blades
  9088 | D:8      | Reached skill level 5 in Axes
  9088 | D:8      | Reached skill level 5 in Maces & Flails
  9088 | D:8      | Reached skill level 5 in Polearms
  9088 | D:8      | Reached skill level 5 in Staves
  9088 | D:8      | Reached skill level 5 in Ranged Weapons
  9088 | D:8      | Reached skill level 5 in Throwing
  9088 | D:8      | Reached skill level 5 in Armour
  9088 | D:8      | Reached skill level 5 in Shields
  9088 | D:8      | Reached skill level 5 in Unarmed Combat
  9088 | D:8      | Reached skill level 5 in Evocations
  9088 | D:8      | Reached XP level 10. HP: 74/74 MP: 13/20
  9097 | D:8      | Noticed a two-headed ogre
  9098 | D:8      | Noticed a green ugly thing
  9365 | D:7      | Killed a green ugly thing
  9827 | D:8      | Paralysed by a hornet for 2 turns
 11388 | D:9      | Found a radiant altar of Vehumet.
 11388 | D:9      | Found a hazy altar of Hepliaklqana.
 11388 | D:9      | Found a glowing golden altar of the Shining One.
 11388 | D:9      | Found a bloodstained altar of Trog.
 11396 | D:9      | Found an ancient bone altar of Kikubaaqudgha.
 11396 | D:9      | Found a burning altar of Makhleb.
 11400 | D:9      | Noticed a two-headed ogre
 11410 | D:9      | Became a worshipper of Vehumet
 11434 | D:9      | Killed a two-headed ogre
 11838 | D:9      | Noticed a two-headed ogre
 11861 | D:9      | Killed a two-headed ogre
 12131 | D:9      | Reached skill level 5 in Hexes
 12131 | D:9      | Reached skill level 5 in Summonings
 12131 | D:9      | Reached skill level 5 in Necromancy
 12131 | D:9      | Reached skill level 5 in Translocations
 12131 | D:9      | Reached skill level 5 in Transmutations
 12131 | D:9      | Reached skill level 5 in Fire Magic
 12131 | D:9      | Reached skill level 5 in Ice Magic
 12131 | D:9      | Reached skill level 5 in Air Magic
 12131 | D:9      | Reached skill level 5 in Earth Magic
 12131 | D:9      | Reached skill level 5 in Poison Magic
 12131 | D:9      | Reached XP level 11. HP: 38/81 MP: 3/22
 13891 | D:9      | Learned a level 3 spell: Mephitic Cloud
 13942 | D:9      | Reached * piety under Vehumet
 13942 | D:9      | Offered knowledge of Foxfire by Vehumet.
 14211 | D:9      | Found a staircase to the Lair.
 14347 | D:9      | Reached skill level 9 in Conjurations
 14549 | D:10     | Entered Level 10 of the Dungeon
 14884 | D:10     | Noticed Nergalle
 15144 | D:10     | Noticed Erolcha
 15148 | D:10     | Erolcha changed into Erolcha the worm
 15148 | D:10     | Noticed Erolcha
 15154 | D:10     | Killed Erolcha the worm
 16464 | D:10     | Noticed Maurice
 16479 | D:10     | Killed Maurice
 16881 | D:10     | Found a staircase to the Orcish Mines.
 16891 | D:10     | Killed Nergalle
 17291 | D:11     | Noticed a boulder beetle
 17344 | D:11     | Killed a boulder beetle
 17624 | D:11     | Noticed a manticore
 17636 | D:11     | Killed a manticore
 18267 | D:11     | Noticed a boulder beetle
 18274 | D:11     | a boulder beetle changed into a broodmother
 18274 | D:11     | Noticed a broodmother
 18278 | D:11     | Noticed a manticore
 18282 | D:11     | Noticed an orb spider
 18285 | D:11     | Noticed an orb spider
 18287 | D:11     | Noticed a boulder beetle
 18288 | D:11     | Gained mutation: You are robust. (+10% HP) [potion of
                  | mutation]
 18288 | D:11     | Gained mutation: You have hidden genetic potential. [potion
                  | of mutation]
 18288 | D:11     | Succumbed to a redback's poison

Illustrated notes

Levels and vault maps discovered:
D:1:      ncdulo_watergridlock, layout_rooms,
          shapermc_ecumenical_altar_mp_highgroup, serial_forest,
          infiniplex_forest_side_room, infiniplex_forest_clump_small,
          infiniplex_forest_end_1, infiniplex_forest_lined_ring,
          infiniplex_forest_clump_small, infiniplex_forest_end_double,
          infiniplex_forest_zigzag_2, infiniplex_forest_clump_curved,
          minmay_misc_feat_more_columns
D:2:      layout_rooms, serial_rivers, chequers_serial_rivers_small_b,
          chequers_serial_rivers_marsh, chequers_serial_rivers_small_3,
          chequers_serial_rivers_micro_a
D:3:      layout_loops_cross, minmay_misc_feat_encased, kennysheep_crisscross
D:4:      layout_loops_ring
D:5:      layout_loops_corners, minmay_temple_entry_water_ring, serial_rivers,
          chequers_serial_rivers_micro_e, chequers_serial_rivers_micro_e,
          chequers_serial_rivers_micro_d, chequers_serial_rivers_small_b,
          chequers_serial_rivers_large_a, chequers_serial_rivers_micro_b,
          ebering_ghost_gozag, hellmonk_no_cap
D:6:      layout_loops_corners, serial_shops, nicolae_shop_waterfront
D:7:      layout_cave_pools, serial_park, serial_park_avenue1,
          serial_park_fountain, serial_park_tiny_pond, minmay_misc_feat_rows
D:8:      layout_basic, serial_bayou, serial_bayou_pond_e, serial_bayou_pond_b,
          serial_bayou_shore_a, serial_bayou_pond_b
D:9:      layout_basic, minmay_overflow_temple_hex, david_lair_shrubbed
D:10:     layout_gridville, erik_orc_4, statue_in_the_mist_lemuel, uniq_erolcha,
          uniq_nergalle, uniq_maurice
D:11:     layout_long_grid, minivault_26
Temple:   nicolae_temple_superstar

Skill      XL: |  1  2  3  4  5  6  7  8  9 10 11 |
---------------+----------------------------------+-----
Spellcasting   | 5 6 7 8 |  8.7
Invocations    | 1 2 3 4 5 6 7 |  7.7
Fighting       | 1 2 3 5 6 7 |  7.0
Short Blades   | 1 2 3 5 6 7 |  7.0
Long Blades    | 1 2 3 5 6 7 |  7.0
Axes           | 1 2 3 5 6 7 |  7.0
Maces & Flails | 1 2 3 5 6 7 |  7.0
Polearms       | 1 2 3 5 6 7 |  7.0
Staves         | 1 2 3 5 6 7 |  7.0
Ranged Weapons | 1 2 3 5 6 7 |  7.0
Throwing       | 1 2 3 5 6 7 |  7.0
Armour         | 1 2 3 5 6 7 |  7.0
Shields        | 1 2 3 5 6 7 |  7.0
Unarmed Combat | 1 2 3 5 6 7 |  7.0
Evocations     | 1 2 3 5 6 7 |  7.0
Hexes          | 1 2 3 4 5 |  5.8
Summonings     | 1 2 3 4 5 |  5.8
Necromancy     | 1 2 3 4 5 |  5.8
Translocations | 1 2 3 4 5 |  5.8
Transmutations | 1 2 3 4 5 |  5.8
Fire Magic     | 1 2 3 4 5 |  5.8
Ice Magic      | 1 2 3 4 5 |  5.8
Air Magic      | 1 2 3 4 5 |  5.8
Earth Magic    | 1 2 3 4 5 |  5.8
Poison Magic   | 1 2 3 4 5 |  5.8
Dodging        | 5 6 7 8 |  8.4
Stealth        | 5 6 7 8 |  8.2
Conjurations   | 8 9 |  9.3

Action                     |  1- 3 |  4- 6 |  7- 9 | 10-12 || total
---------------------------+-------+-------+-------+-------++-------
  Melee: Unarmed           |     1 |       |       |       ||     1
         Long sword        |       |    31 |    93 |   216 ||   340
         Bite              |       |     3 |    11 |    29 ||    43
         Punch             |       |       |     3 |    13 ||    16
   Cast: Magic Dart        |    73 |   122 |   137 |   149 ||   481
         Searing Ray       |       |       |    16 |       ||    16
         Iskenderun's Myst |       |       |     3 |   134 ||   137
         Mephitic Cloud    |       |       |       |     1 ||     1
  Evoke: Wand              |       |       |       |    20 ||    20
    Use: Scroll            |     2 |       |     8 |    10 ||    20
         Potion            |       |       |     2 |     9 ||    11
   Stab: Sleeping          |       |       |     1 |     3 ||     4
         Paralysed         |       |       |       |    14 ||    14
         Confused          |       |       |       |     1 ||     1
 Armour: Robe              |     2 |     9 |     9 |    19 ||    39
         Skin              |       |       |       |     9 ||     9
         Steam dragon scal |       |       |       |    19 ||    19
  Dodge: Dodged            |     6 |    31 |   134 |   321 ||   492
